 Dungeon Crawl Stone Soup version 0.25.1-8-g42b30a86e7 (webtiles) character file.

Game seed: 2803324235052093579

21149 hawla the Thaumaturge (level 12, -2/100 HPs)
             Began as a Yellow Draconian Conjurer on Dec 16, 2020.
             Was an Elder of Vehumet.
             Slain by Rupert
             ... wielding a +0 great sword of holy wrath
              (26 damage)
             ... on level 13 of the Dungeon.
             The game lasted 01:08:36 (22701 turns).

hawla the Thaumaturge (Yellow Draconian Conjurer)  Turns: 22701, Time: 01:08:37

Health: -2/100     AC: 10    Str: 14    XL:     12   Next: 51%
Magic:  32/36      EV: 13    Int: 20    God:    Vehumet [****..]
Gold:   202        SH:  5    Dex: 12    Spells: 11/33 levels left

rFire    + + +     SeeInvis .   q - staff of fire
rCold    x . .     Gourm    .   (no shield)
rNeg     . . .     Faith    .   (armour unavailable)
rPois    .         Spirit   .   (helmet restricted)
rElec    +         Reflect  +   E - +0 cloak
rCorr    +         Harm     .   w - +0 pair of gloves
MR       .....                  (no boots)
Stlth    ++........             u - amulet of reflection
HPRegen  0.26/turn              t - ring "Umaapuaniw" {+Fly rElec rF+ MP+9 Str+3}
MPRegen  0.25/turn              z - ring of fire

@: no status effects
A: spit acid, unfitting armour, talons 1, blurry vision 1, cold-blooded, acid
resistance, AC +8
a: Breathe Acid, Renounce Religion, Evoke Flight


You were on level 13 of the Dungeon.
You worshipped Vehumet.
Vehumet was greatly pleased with you.
You were not hungry.

You visited 2 branches of the dungeon, and saw 15 of its levels.
You also visited: Sewer.

You collected 667 gold pieces.
You spent 465 gold pieces at shops.

Inventory:

Missiles
 v - 16 boomerangs
 y - 9 poisoned darts (quivered)
Armour
 w - a +0 pair of gloves (worn)
 E - a +0 cloak (worn)
Magical Staves
 q - an uncursed staff of fire (weapon)
Jewellery
 f - an uncursed ring of stealth
 t - the ring "Umaapuaniw" (left hand) {+Fly rElec rF+ MP+9 Str+3}
   (You acquired it on level 10 of the Dungeon)

   [ring of flight]

   It affects your strength (+3).
   It protects you from fire.
   It insulates you from electricity.
   It affects your magic capacity (+9).
   It lets you fly.
 u - an amulet of reflection (around neck)
 z - a ring of fire (right hand)
 F - an uncursed amulet of the acrobat
Wands
 h - a wand of disintegration (16)
 l - a wand of random effects (8)
 m - a wand of iceblast (13)
 x - a wand of flame (31)
Scrolls
 a - 2 scrolls of amnesia
 c - 2 scrolls of enchant armour
 e - 5 scrolls of magic mapping
 g - 6 scrolls of remove curse
 k - 2 scrolls of teleportation
 o - a scroll of identify
Potions
 d - 3 potions of cancellation
 i - 4 potions of brilliance
 j - 5 potions of degeneration
 n - 2 potions of invisibility
 p - a potion of resistance
 r - a potion of flight
 s - a potion of heal wounds
 B - 2 potions of curing
 C - 2 potions of might
 D - a potion of berserk rage
 G - a potion of ambrosia {unknown}
Comestibles
 b - 14 rations
 A - 2 chunks of flesh


   Skills:
 - Level 7.5 Fighting
 - Level 9.0 Staves
 - Level 1.0 Throwing
 - Level 4.0 Dodging
 - Level 2.0 Stealth
 - Level 1.1 Unarmed Combat
 + Level 11.1 Spellcasting
 - Level 8.2 Conjurations
 - Level 7.1 Translocations
 + Level 7.2 Fire Magic
 - Level 1.0 Evocations


You had 11 spell levels left.
You knew the following spells:

 Your Spells              Type           Power        Failure   Level  Hunger
a - Magic Dart            Conj           ####         1%          1    None
b - Searing Ray           Conj           #####.       1%          2    None
c - Iskenderun's Mystic   Conj/Tloc      #####...     1%          4    ##.....
d - Ignition              Fire           ######....   99%         8    #######
e - Sticky Flame          Conj/Fire      #######.     1%          4    ##.....
f - Conjure Flame         Conj/Fire      #######.     1%          3    None

Your spell library contained the following spells:

 Spells                   Type           Power        Failure   Level  Hunger
 Dazzling Flash           Conj/Hex       ####..       1%          3    None
 Static Discharge         Conj/Air       ####....     1%          3    None
 Fulminant Prism          Conj/Hex       ####......   3%          4    ##.....
 Beastly Appendage        Tmut           ##....       6%          1    None
 Lightning Bolt           Conj/Air       ####......   9%          5    ####...
 Shatter                  Erth           ##........   100%        9    #######
 Tornado                  Air            ##........   100%        9    #######


Dungeon Overview and Level Annotations

Branches:
Dungeon (14/15)            Temple (1/1) D:6            Lair (0/6) D:9
    Orc (0/2) D:12          Sewer (visited)
 Vaults: D:13-14

Altars:
Ashenzari
Cheibriados
Dithmenos
Elyvilon
Fedhas
Gozag
Hepliaklqana
Kikubaaqudgha
Makhleb
Nemelex Xobeh
Okawaru
Qazlal
Ru
Sif Muna
Trog
Uskayaw
Vehumet
Wu Jian
Xom
Yredelemnul
Zin
The Shining One

Shops:
D:9 (   D:10 *

Portals:
Trove: D:10 (give 8 potions of haste)

Annotations:
D:7 Over the water to spellbook
D:13 Rupert


Innate Abilities, Weirdness & Mutations

You can spit globs of acid.
Your golden yellow scales are hard. (AC +8)
You cannot fit into any form of body armour.
You are cold-blooded and may be slowed by cold attacks.
You are resistant to acid. (rCorr)
You have sharp toenails.
Scrolls take you a little longer to read.


Message History

You can move again.
Rupert yells loudly at you.
You are confused.
Rupert roars madly and goes into a rage!
Rupert goes berserk!
You're too confused to move!
Rupert rages.
Rupert closely misses you.
Rupert hits you with a +0 great sword of holy wrath!!!
You're too confused to move!
You feel less confused.
Rupert hits you with a +0 great sword of holy wrath!!!
* * * LOW HITPOINT WARNING * * *
Okay, then.
Casting: Magic Dart (safe; 1% risk of failure)
Confirm with . or Enter, or press ? or * to list all spells.
You erupt in a blast of force!
The mystic blast misses Rupert.
Rupert barely misses you.
Rupert hits you with a +0 great sword of holy wrath!!
You die...

........(...(..............
............>.....)........
...^.......................
#########.......###########
≈≈≈≈≈≈≈≈#.......#≈≈≈≈≈≈≈≈≈≈
≈≈≈≈≈≈≈≈#.......#≈≈≈≈≈≈≈≈≈≈
≈≈≈≈≈≈≈≈#.......#≈≈≈≈≈≈≈≈≈≈
≈≈≈≈≈≈≈≈#.......#≈≈≈≈≈≈≈≈≈≈
≈≈≈≈≈≈≈≈#.@.....#≈≈≈≈≈≈≈≈≈≈
≈≈≈≈≈≈≈#.@.....#≈≈≈≈≈≈≈≈≈≈
≈≈≈≈≈≈#.......#≈≈≈≈≈≈
≈≈≈≈≈#.......#≈≈≈≈≈≈
≈≈≈≈≈#.......#≈≈≈≈≈
≈≈≈≈≈#.......#≈≈≈≈≈
≈≈≈≈≈#..).)).#≈≈≈≈≈
≈≈≈≈≈#..!....#≈≈≈≈
≈≈≈≈#.......#≈≈


You could see Rupert (berserk).

Vanquished Creatures
  2 hydras
  2 two-headed ogres
  A centaur warrior (D:12)
  Nergalle (D:11)
  2 skeletal warriors (D:12)
  Pikel (D:8)
  An orc sorcerer (D:9)
  Joseph (D:10)
  A guardian serpent (D:9)
  Psyche (D:8)
  Maggie (D:7)
  A centaur skeleton (D:10)
  A kobold demonologist (D:13)
  3 trolls
  A tengu conjurer (D:14)
  2 hornets
  Prince Ribbit (D:7)
  5 hippogriffs
  Sigmund (D:5)
  A wraith (D:14)
  2 wyverns
  Grum (D:8)
  19 yaks
  A hungry ghost (D:8)
  5 humans (D:8)
  Edmund (D:6)
  Menkaure (D:6)
  A soldier ant (D:12)
  4 sky beasts
  A phantom (D:12)
  3 ice beasts
  5 orc warriors
  4 slaves (D:8)
  A black bear (D:12)
  5 ogres
  9 centaurs
  4 wolves (D:8)
  5 big kobolds
  9 bullfrogs
  A wyvern zombie (D:10)
  4 scorpions
  4 killer bees
  A water moccasin skeleton (D:10)
  An electric eel (D:11)
  4 howler monkeys
  5 crimson imps
  3 bullfrog zombies
  4 orc priests
  3 centaur zombies
  Crazy Yiuf (D:6)
  10 hounds
  A bullfrog skeleton (D:10)
  4 jellies
  Jessica (D:2)
  8 iguanas
  16 orc wizards
  12 worker ants
  A killer bee zombie (D:8)
  A hound zombie (D:8)
  A hound skeleton (D:8)
  A worker ant zombie (D:5)
  Robin (D:2)
  4 gnolls
  16 adders
  5 river rats (Sewer)
  2 shadow imps
  An adder zombie (D:5)
  An adder skeleton (D:9)
  6 worms
  2 dart slugs (D:2)
  9 leopard geckos
  27 orcs
  13 ball pythons (Sewer)
  6 bats
  9 giant cockroaches
  14 goblins
  7 hobgoblins
  8 jackals
  4 kobolds
  2 quokkas
  6 frilled lizards
  A jackal zombie (D:5)
  A leopard gecko skeleton (D:4)
  28 rats
371 creatures vanquished.

Vanquished Creatures (others)
  An orc wizard (D:4)
  3 bushes (D:10)
  21 plants (D:10)
25 creatures vanquished.

Grand Total: 396 creatures vanquished

Notes
Turn   | Place    | Note
-------+----------+-------------------------------------------
     0 | D:1      | hawla the Draconian Conjurer began the quest for the Orb.
     0 | D:1      | Reached XP level 1. HP: 14/14 MP: 3/3
   301 | D:1      | Reached XP level 2. HP: 10/20 MP: 1/5
   305 | D:1      | Learned a level 2 spell: Searing Ray
   801 | D:1      | Reached skill level 3 in Spellcasting
  1053 | D:1      | Reached XP level 3. HP: 26/26 MP: 3/7
  1381 | D:2      | Found a hide-covered altar of Uskayaw.
  1712 | D:2      | Found an ancient bone altar of Kikubaaqudgha.
  1852 | D:2      | Noticed Jessica
  1854 | D:2      | Killed Jessica
  1854 | D:2      | Reached skill level 1 in Unarmed Combat
  1854 | D:2      | Reached XP level 4. HP: 34/34 MP: 5/9
  1902 | D:2      | Noticed Robin
  1989 | D:2      | Killed Robin
  1989 | D:2      | Reached skill level 4 in Spellcasting
  2442 | D:2      | Found a blossoming altar of Fedhas.
  2732 | D:2      | Found a shadowy altar of Dithmenos.
  2843 | D:3      | Noticed a bullfrog
  2851 | D:3      | Killed a bullfrog
  2851 | D:3      | Reached skill level 1 in Throwing
  2851 | D:3      | Reached skill level 1 in Fighting
  2851 | D:3      | Reached XP level 5. HP: 26/40 MP: 4/11
  3108 | D:3      | Found a sacrificial altar of Ru.
  3386 | D:3      | Found a white marble altar of Elyvilon.
  3709 | D:4      | Learned a level 4 spell: Iskenderun's Mystic Blast
  3725 | D:4      | Noticed an ogre
  3732 | D:4      | Killed an ogre
  3732 | D:4      | Reached XP level 6. HP: 49/49 MP: 6/12
  3785 | D:4      | Reached skill level 1 in Translocations
  4522 | D:4      | Noticed an ice beast
  4532 | D:4      | Killed an ice beast
  4532 | D:4      | Your scales start taking on a golden yellow colour.
  4532 | D:4      | Reached XP level 7. HP: 46/56 MP: 1/13
  4532 | D:4      | Gained mutation: You are resistant to acid. (rCorr) [Yellow
                  | Draconian growth]
  5150 | D:4      | Reached skill level 5 in Conjurations
  5777 | D:5      | Entered Level 5 of the Dungeon
  5781 | D:5      | Gained mutation: Scrolls take you a little longer to read.
                  | [potion of mutation]
  5781 | D:5      | Gained mutation: You have sharp toenails. [potion of
                  | mutation]
  6202 | D:5      | Found an iron altar of Okawaru.
  6296 | D:5      | Noticed Sigmund
  6305 | D:5      | Killed Sigmund
  6305 | D:5      | Reached XP level 8. HP: 62/62 MP: 6/14
  7032 | D:6      | Noticed Edmund
  7151 | D:6      | Reached skill level 5 in Translocations
  7165 | D:6      | Found a glowing drain.
  7178 | Sewer    | Entered a sewer
  8481 | D:6      | Found a staircase to the Ecumenical Temple.
  8498 | Temple   | Entered the Ecumenical Temple
  8735 | Temple   | Became a worshipper of Vehumet
  8763 | D:6      | Noticed Menkaure
  8771 | D:6      | Killed Menkaure
  9002 | D:6      | Found a runed translucent door.
  9003 | D:6      | Noticed Crazy Yiuf
  9322 | D:6      | Found a glowing silver altar of Zin.
  9328 | D:6      | Found a bloodstained altar of Trog.
  9393 | D:6      | Killed Crazy Yiuf
  9491 | D:7      | Found a shattered altar of Ashenzari.
  9620 | D:7      | Found a glowing golden altar of the Shining One.
  9686 | D:7      | Found a basalt altar of Yredelemnul.
  9849 | D:7      | Reached XP level 9. HP: 68/68 MP: 11/15
 10276 | D:7      | Reached skill level 1 in Staves
 10276 | D:7      | Reached skill level 1 in Evocations
 10559 | D:7      | Noticed Maggie
 10579 | D:7      | Killed Maggie
 10940 | D:7      | Found a shimmering blue altar of Sif Muna.
 10943 | D:7      | Noticed Prince Ribbit
 10950 | D:7      | Killed Prince Ribbit
 10950 | D:7      | Reached skill level 5 in Fighting
 11097 | D:7      | Reached skill level 5 in Spellcasting
 11586 | D:8      | Noticed Grum
 11607 | D:8      | Noticed Psyche
 11773 | D:8      | Reached * piety under Vehumet
 11773 | D:8      | Offered knowledge of Sandblast by Vehumet.
 11773 | D:8      | Reached XP level 10. HP: 61/81 MP: 8/18
 11868 | D:8      | Reached skill level 5 in Staves
 12040 | D:8      | Reached skill level 6 in Spellcasting
 12043 | D:8      | Killed Grum
 12255 | D:8      | Noticed Pikel
 12660 | D:8      | Killed Psyche
 12660 | D:8      | Reached skill level 7 in Spellcasting
 12998 | D:8      | Killed Pikel
 13133 | D:8      | Reached skill level 8 in Spellcasting
 13520 | D:8      | Reached ** piety under Vehumet
 13520 | D:8      | Offered knowledge of Freeze by Vehumet.
 14058 | D:7      | Identified Sif Muna's Compendium of Transformation
 14186 | D:9      | Noticed a two-headed ogre
 14195 | D:9      | Killed a two-headed ogre
 14195 | D:9      | Reached skill level 9 in Spellcasting
 14380 | D:9      | Found a staircase to the Lair.
 14443 | D:9      | Noticed an orc sorcerer
 14447 | D:9      | Noticed a smoke demon
 14454 | D:9      | Noticed a rust devil
 14459 | D:9      | Killed an orc sorcerer
 14612 | D:9      | Reached XP level 11. HP: 89/89 MP: 21/24
 15186 | D:9      | Found Gyvveresio's Weapon Boutique.
 15438 | D:10     | Entered Level 10 of the Dungeon
 15449 | D:10     | Identified a scroll of acquirement
 15451 | D:10     | Acquired the ring "Umaapuaniw" {+Fly rElec rF+ MP+9 Str+3}
 15497 | D:10     | Found Lesyenar's Assorted Antiques.
 15503 | D:10     | Bought a paperback book for 465 gold pieces
 15585 | D:10     | Noticed Joseph
 15601 | D:10     | HP: 4/90 [yak (6)]
 16131 | D:10     | Offered knowledge of Mephitic Cloud by Vehumet.
 16431 | D:10     | Killed Joseph
 16689 | D:10     | Reached *** piety under Vehumet
 16712 | D:10     | HP: 3/92 [yak (11)]
 17239 | D:10     | Got a smouldering long sword
 17240 | D:10     | Identified the +10 long sword of the Eggplant {holy, *Noise
                  | rC+ Dex+7} (You found it on level 10 of the Dungeon)
 17539 | D:6      | Killed Edmund
 17550 | D:6      | Learned a level 8 spell: Ignition
 17937 | D:10     | Found a portal to a secret trove of treasure.
 18183 | D:11     | Reached skill level 1 in Fire Magic
 18187 | D:11     | Noticed Nergalle
 18191 | D:11     | Offered knowledge of Sticky Flame by Vehumet.
 18313 | D:10     | Learned a level 4 spell: Sticky Flame
 18551 | D:11     | Noticed a four-headed hydra
 18658 | D:10     | Killed a four-headed hydra
 19168 | D:11     | Killed Nergalle
 19331 | D:11     | Noticed a two-headed ogre
 19390 | D:11     | Killed a two-headed ogre
 19615 | D:11     | Noticed a seven-headed hydra
 19622 | D:11     | Killed a seven-headed hydra
 19622 | D:11     | Reached skill level 10 in Spellcasting
 19622 | D:11     | Reached XP level 12. HP: 87/100 MP: 24/26
 19723 | D:11     | Reached **** piety under Vehumet
 19740 | D:10     | Reached skill level 5 in Fire Magic
 20687 | D:12     | Noticed a centaur warrior
 20694 | D:12     | Killed a centaur warrior
 20809 | D:12     | Offered knowledge of Conjure Flame by Vehumet.
 20814 | D:12     | Learned a level 3 spell: Conjure Flame
 21086 | D:12     | Found a staircase to the Orcish Mines.
 21847 | D:13     | You fall into a shaft and drop 1 floor!
 22404 | D:14     | Reached skill level 11 in Spellcasting
 22683 | D:13     | Noticed Rupert
 22689 | D:13     | Paralysed by Rupert for 4 turns
 22701 | D:13     | Slain by Rupert

Illustrated notes

Levels and vault maps discovered:
D:1:      roderic_crossed_star, layout_basic, minivault_26
D:2:      layout_loops_ring, eat_drink_and_be_merry_uskayaw,
          kiku_gazebo_pond_becter, nicolae_dithmenos_through_a_glass_darkly,
          fedhas_ov_isle_minmay, first_ration, uniq_robin, uniq_jessica
D:3:      layout_rooms, overflow_temple_1_default, old_standard_altar
D:4:      layout_basic
D:5:      layout_gridville, kennysheep_okawaru_gauntlet, grunt_decor_one_mirror,
          minmay_misc_feat_rows, uniq_sigmund
D:6:      layout_rooms, kennysheep_mini_moat, kennysheep_mini,
          minmay_temple_entry_tees, gup_sewer_entry_pipe, amethyst_killhole,
          uniq_menkaure, uniq_crazy_yiuf_cottage, uniq_edmund
D:7:      layout_layer_cave, led_sif_book, lemuel_crystal_altar,
          nicolae_overflow_crystal_walls, overflow_temple_1_default,
          uniq_maggie, uniq_prince_ribbit1
D:8:      layout_loops_ring, blue_anna_alchemist [blue_anna_fruit_fields,
          blue_anna_fruit_fields], minmay_ruffians, uniq_psyche, uniq_pikel,
          uniq_grum
D:9:      cheibrodos_wizards_tower, layout_loops_ring, lair_entry_dummy,
          serial_shops, shop_fountains, nrook_guardian_serpent_double
D:10:     layout_roguey, serial_shops, shop, nicolae_trove_entry_diagonal,
          kennysheep_boxes, uniq_joseph
D:11:     layout_basic, uniq_nergalle
D:12:     layout_cave_pools, minmay_orc_entry_temple_small, serial_undead,
          serial_undead_a, serial_undead_d, serial_undead_d, serial_undead_b,
          serial_shops, shop, grunt_ministairs_7,
          chequers_serial_rivers_large_a, chequers_serial_rivers_micro_a
D:13:     layout_cross, uniq_rupert
D:14:     minmay_triangles_in_corner, layout_loops_ring, erik_vaults_1,
          nrook_mini_backslash, special_room [special_room_bee], uniq_nessos
Temple:   jpeg_temple_island

Skill      XL: |  1  2  3  4  5  6  7  8  9 10 11 12 |
---------------+-------------------------------------+-----
Spellcasting   | 3 4 5 9 10 11 | 11.1
Unarmed Combat | 1 |  1.1
Throwing       | 1 |  1.0
Dodging        | 2 3 4 |  4.0
Stealth        | 2 |  2.0
Fighting       | 1 2 5 7 |  7.5
Translocations | 2 4 6 7 |  7.1
Conjurations   | 6 7 8 |  8.2
Staves         | 4 6 9 |  9.0
Evocations     | 1 |  1.0
Fire Magic     | 4 7 |  7.2

Action                   |  1- 3 |  4- 6 |  7- 9 | 10-12 || total
-------------------------+-------+-------+-------+-------++-------
Melee: Unarmed           |    28 |       |       |       ||    28
       Tailslap          |     3 |     1 |     6 |     3 ||    13
       Staff             |       |     6 |    48 |    23 ||    77
       Kick              |       |       |    15 |     5 ||    20
       Punch             |       |       |     1 |       ||     1
 Cast: Magic Dart        |    42 |    58 |   128 |   109 ||   337
       Searing Ray       |    10 |    27 |    92 |   177 ||   306
       Iskenderun's Myst |       |       |    14 |    87 ||   101
       Sticky Flame      |       |       |       |    30 ||    30
       Conjure Flame     |       |       |       |     4 ||     4
Evoke: Wand              |       |       |       |     4 ||     4
  Use: Scroll            |     4 |     5 |    10 |     9 ||    28
       Potion            |       |       |    12 |    12 ||    24
  Eat: Chunk             |     4 |     8 |    21 |    21 ||    54
       Ration            |       |       |     2 |     6 ||     8
Armor: Skin              |    11 |     9 |    38 |   137 ||   195
Dodge: Dodged            |    30 |    11 |    91 |   247 ||   379
Block: Other             |       |     1 |    35 |    95 ||   131
       Reflection        |       |       |     1 |     9 ||    10
